Kings vs Predators

Created - October 8 2011 at 12:16

Goals
1 2 3 T
Kings 3 0 1 4
Predators 1 2 2 5
Shots
1 2 3 T
Kings 6 8 6 20
Predators 6 9 9 24

Period #1

1. Kings , Evgeny Dadonov 2 (Jack Hillen, Wojtek Wolski) at 2:56
2. Predators , Simon Gagne 1 (T.J. Galiardi, Brent Burns) at 11:25
3. Kings , Darroll Powe 1 (Jonathon Blum, Jack Hillen) at 13:24
4. Kings , Jason Arnott 1 (Michael Frolik, Mike Lundin) at 15:49

Penalties :
Max Pacioretty (NSH) for Holding (Minor) at 0:47, Shea Weber (NSH) for Roughing (Minor) at 7:31, Milan Michalek (NSH) for Interference (Minor) at 13:49, Jamie McBain (LOS) for High sticking (Minor) at 17:17

Period #2

5. Predators , Shea Weber 1 (Patric Hornqvist, Marian Gaborik) at 0:24
6. Predators , Wayne Simmonds 1 (Shea Weber, Tomas Kaberle) at 17:10

Penalties :
Brandon Prust (NSH) for Tripping (Minor) at 1:46, Darroll Powe (LOS) for Roughing (Minor) at 4:27, Bryan Allen (LOS) for Slashing (Minor) at 4:59, Shea Weber (NSH) for Delaying the game (Minor) at 8:50, Jonathon Blum (LOS) for Tripping (Minor) at 13:14

Period #3

7. Predators , Shea Weber 2 (Patric Hornqvist, Marian Gaborik) at 2:25 (PP)
8. Kings , Sergei Samsonov 1 (Brian Rolston, Matt Duchene) at 6:30
9. Predators , Steven Stamkos 1 (Brent Burns, Pekka Rinne) at 12:58

Penalties :
Sean Bergenheim (LOS) for Roughing (Minor) at 0:58, Paul Gaustad (NSH) for Slashing (Minor) at 7:19

Goalie Stats

Ondrej Pavelec (LOS), 18 saves from 23 shots - (0.783), L, 1-2-0, 52:58 minutes
Nikolai Khabibulin (LOS), 1 saves from 1 shots - (1.000), 6:06 minutes
Pekka Rinne (NSH), 16 saves from 20 shots - (0.800), W, 1-0-0, 60:00 minutes

Players Stats

Kings
Player Name              G  A  P  +/- PIM S  H  SB FO    MP 
------------------------------------------------------------
Blair Jones              0  0  0  -1  0   0  0  0  10/12 9  
Brian Rolston            0  1  1  -1  0   0  3  0  0/0   17 
Bryan Allen              0  0  0  -2  2   0  1  1  0/0   22 
Craig Adams              0  0  0  -1  0   0  0  0  0/1   11 
Darroll Powe             1  0  1   3  2   1  5  0  12/20 14 
Erik Condra              0  0  0  -1  0   1  0  0  0/0   8  
Evgeny Dadonov           1  0  1   3  0   2  0  0  0/1   13 
Jack Hillen              0  2  2   2  0   2  0  2  0/0   17 
Jamie McBain             0  0  0  -1  2   0  0  0  0/0   21 
Jason Arnott             1  0  1  -1  0   3  1  0  6/20  18 
Joe Corvo                0  0  0  -1  0   4  0  3  0/0   24 
Jonathon Blum            0  1  1   3  2   1  1  0  0/0   13 
Matt Duchene             0  1  1  -1  0   2  3  0  10/25 19 
Michael Frolik           0  1  1  -1  0   1  0  1  1/2   17 
Mike Lundin              0  1  1  -1  0   0  1  1  0/0   21 
Sean Bergenheim          0  0  0  -1  2   1  4  1  0/0   20 
Sergei Samsonov          1  0  1  -1  0   2  3  0  0/0   14 
Wojtek Wolski            0  1  1   3  0   0  0  0  0/1   12 
Predators
Player Name              G  A  P  +/- PIM S  H  SB FO    MP 
------------------------------------------------------------
Brandon Prust            0  0  0  -2  2   1  3  0  8/18  21 
Braydon Coburn           0  0  0   1  0   0  3  1  0/0   18 
Brent Burns              0  2  2   2  0   1  0  2  0/0   21 
Cody Franson             0  0  0  -3  0   0  0  0  0/0   15 
Jeff Carter              0  0  0   1  0   2  1  0  0/0   21 
Marian Gaborik           0  2  2  -3  0   3  0  0  0/3   19 
Max Pacioretty           0  0  0   1  2   2  1  0  0/1   14 
Milan Michalek           0  0  0   1  2   0  1  0  1/1   17 
Patric Hornqvist         0  2  2  -3  0   1  0  0  0/3   18 
Paul Gaustad             0  0  0   1  2   0  1  0  6/11  9  
Roman Polak              0  0  0   0  0   0  0  0  0/0   1  
Shea Weber               2  1  3  -2  4   2  5  1  0/0   21 
Simon Gagne              1  0  1   1  0   7  1  0  1/1   16 
Steven Stamkos           1  0  1   1  0   2  0  0  20/29 18 
T.J. Galiardi            0  1  1   1  0   0  1  1  7/15  17 
Tomas Kaberle            0  1  1   1  0   1  0  2  0/0   22 
Wayne Simmonds           1  0  1   1  0   1  0  0  0/0   3  
Zbynek Michalek          0  0  0   1  0   1  0  0  0/0   18 

3 Stars

1 - Darroll Powe (LOS)
2 - Shea Weber (NSH)
3 - Evgeny Dadonov (LOS)

Power Play

Kings - 0 on 6 Attempt(s) - 0.00%
Predators - 1 on 5 Attempt(s) - 20.00%

Penalty Kill

Kings - 4 on 5 Attempt(s) - 80.00% - Score 0 goal in Penalty Kill
Predators - 6 on 6 Attempt(s) - 100.00% - Score 0 goal in Penalty Kill

Game Notes

Nikolai Khabibulin enters game at 12:58 of 3rd period

Finance

Level 1 -- Attendance: 6500 (100.00%) -- Ticket Income $520,000.00
Level 2 -- Attendance: 4966 (99.32%) -- Ticket Income $258,232.00
Level 3 -- Attendance: 3500 (100.00%) -- Ticket Income $105,000.00
Level 4 -- Attendance: 1113 (100.00%) -- Ticket Income $22,260.00
Luxury Box -- Attendance: 938 (93.80%) -- Ticket Income $126,630.00
Game was played at the Bridgestone Arena
Total Attendance: 17017 (99.44%)
Total Ticket Income: $1,129,995.00
Other Income: $204,530.40
Total Income: $1,334,525.00


Play by Play

Period #1

0:01 of 1st period - Brandon Prust wins face-off versus Matt Duchene in neutral zone.
0:01 of 1st period - Cody Franson is hit by Matt Duchene and loses puck.
0:25 of 1st period - Shot by Cody Franson.
0:25 of 1st period - Shot Blocked by Joe Corvo.
0:27 of 1st period - Shot by Marian Gaborik.
0:27 of 1st period - Stopped by Ondrej Pavelec without a rebound.
0:28 of 1st period - Steven Stamkos wins face-off versus Jason Arnott in Kings zone.
0:47 of 1st period - Minor Penalty to Max Pacioretty for Holding.
0:48 of 1st period - T.J. Galiardi wins face-off versus Matt Duchene in Predators zone.
2:56 of 1st period - Shot by Evgeny Dadonov.
2:56 of 1st period - Goal by Evgeny Dadonov - Kings : 1 - Predators : 0.
2:57 of 1st period - Darroll Powe wins face-off versus Marian Gaborik in neutral zone.
2:57 of 1st period - Darroll Powe is hit by Brandon Prust.
3:00 of 1st period - Jonathon Blum is hit by Shea Weber and loses puck.
3:33 of 1st period - Shea Weber is hit by Darroll Powe.
4:06 of 1st period - Shot by Simon Gagne.
4:06 of 1st period - Stopped by Ondrej Pavelec without a rebound.
4:07 of 1st period - Jason Arnott wins face-off versus T.J. Galiardi in Kings zone.
4:29 of 1st period - Shot by Simon Gagne.
4:29 of 1st period - Stopped by Ondrej Pavelec without a rebound.
4:30 of 1st period - Matt Duchene wins face-off versus Steven Stamkos in Kings zone.
4:35 of 1st period - Braydon Coburn is hit by Sergei Samsonov and loses puck.
7:31 of 1st period - Minor Penalty to Shea Weber for Roughing.
7:32 of 1st period - Paul Gaustad wins face-off versus Matt Duchene in Predators zone.
8:27 of 1st period - Brandon Prust is hit by Sean Bergenheim and loses puck.
9:02 of 1st period - Shot by Matt Duchene.
9:02 of 1st period - Shot Misses the Net.
9:04 of 1st period - Shot by Matt Duchene.
9:04 of 1st period - Shot Blocked by Braydon Coburn.
9:06 of 1st period - Shot by Brian Rolston.
9:06 of 1st period - Shot Misses the Net.
9:08 of 1st period - Shot by Sergei Samsonov.
9:08 of 1st period - Shot Misses the Net.
9:12 of 1st period - Shot by Matt Duchene.
9:12 of 1st period - Stopped by Pekka Rinne without a rebound.
9:13 of 1st period - Blair Jones wins face-off versus Brandon Prust in Predators zone.
9:35 of 1st period - Off-side.
9:36 of 1st period - Darroll Powe wins face-off versus Brandon Prust in neutral zone.
9:40 of 1st period - Evgeny Dadonov is hit by Shea Weber and loses puck.
9:49 of 1st period - Icing by Darroll Powe.
9:50 of 1st period - Darroll Powe wins face-off versus Steven Stamkos in Kings zone.
10:06 of 1st period - Shot by Wojtek Wolski.
10:06 of 1st period - Shot Misses the Net.
10:08 of 1st period - Shot by Darroll Powe.
10:08 of 1st period - Shot Misses the Net.
10:17 of 1st period - Joe Corvo is hit by Shea Weber and loses puck.
11:25 of 1st period - Shot by Simon Gagne.
11:25 of 1st period - Goal by Simon Gagne - Kings : 1 - Predators : 1.
11:26 of 1st period - Steven Stamkos wins face-off versus Jason Arnott in neutral zone.
11:26 of 1st period - Steven Stamkos is hit by Sean Bergenheim.
11:43 of 1st period - Shot by Michael Frolik.
11:43 of 1st period - Stopped by Pekka Rinne without a rebound.
11:44 of 1st period - Milan Michalek wins face-off versus Jason Arnott in Predators zone.
11:44 of 1st period - Milan Michalek is hit by Jason Arnott.
12:23 of 1st period - Icing by Jamie McBain.
12:24 of 1st period - Jason Arnott wins face-off versus Brandon Prust in Kings zone.
13:01 of 1st period - Shot by Matt Duchene.
13:01 of 1st period - Shot Blocked by Shea Weber.
13:04 of 1st period - Icing by Cody Franson.
13:05 of 1st period - Darroll Powe wins face-off versus Marian Gaborik in Predators zone.
13:22 of 1st period - Shot by Jonathon Blum.
13:22 of 1st period - Shot Misses the Net.
13:24 of 1st period - Shot by Darroll Powe.
13:24 of 1st period - Goal by Darroll Powe - Kings : 2 - Predators : 1.
13:25 of 1st period - Blair Jones wins face-off versus Steven Stamkos in neutral zone.
13:43 of 1st period - Icing by Joe Corvo.
13:44 of 1st period - Blair Jones wins face-off versus T.J. Galiardi in Kings zone.
13:44 of 1st period - Blair Jones is hit by Milan Michalek.
13:47 of 1st period - Joe Corvo is hit by Simon Gagne and loses puck.
13:49 of 1st period - Minor Penalty to Milan Michalek for Interference.
13:50 of 1st period - T.J. Galiardi wins face-off versus Jason Arnott in Predators zone.
13:59 of 1st period - Shot by Jason Arnott.
13:59 of 1st period - Stopped by Pekka Rinne without a rebound.
14:00 of 1st period - Matt Duchene wins face-off versus T.J. Galiardi in Predators zone.
14:16 of 1st period - Icing by Matt Duchene.
14:17 of 1st period - Matt Duchene wins face-off versus Paul Gaustad in Kings zone.
14:17 of 1st period - Matt Duchene is hit by Paul Gaustad.
15:49 of 1st period - Shot by Jason Arnott.
15:49 of 1st period - Goal by Jason Arnott - Kings : 3 - Predators : 1.
15:50 of 1st period - Darroll Powe wins face-off versus Brandon Prust in neutral zone.
16:49 of 1st period - Milan Michalek is hit by Darroll Powe and loses puck.
17:02 of 1st period - Shot by Tomas Kaberle.
17:02 of 1st period - Shot Blocked by Sean Bergenheim.
17:17 of 1st period - Minor Penalty to Jamie McBain for High sticking.
17:18 of 1st period - Steven Stamkos wins face-off versus Matt Duchene in Kings zone.
17:46 of 1st period - Icing by Brent Burns.
17:47 of 1st period - Steven Stamkos wins face-off versus Darroll Powe in Predators zone.
18:14 of 1st period - Shot by Tomas Kaberle.
18:14 of 1st period - Shot Misses the Net.
18:16 of 1st period - Shot by Tomas Kaberle.
18:16 of 1st period - Shot Misses the Net.
18:20 of 1st period - Shot by Marian Gaborik.
18:20 of 1st period - Shot Blocked by Joe Corvo.
18:22 of 1st period - Shot by Marian Gaborik.
18:22 of 1st period - Stopped by Ondrej Pavelec without a rebound.
18:23 of 1st period - Brandon Prust wins face-off versus Matt Duchene in Kings zone.
18:52 of 1st period - Icing by Marian Gaborik.
18:53 of 1st period - Darroll Powe wins face-off versus Marian Gaborik in Predators zone.
19:33 of 1st period - Shot by Steven Stamkos.
19:33 of 1st period - Stopped by Ondrej Pavelec without a rebound.
19:34 of 1st period - Steven Stamkos wins face-off versus Jason Arnott in Kings zone.
19:40 of 1st period - Max Pacioretty is hit by Mike Lundin and loses puck.
19:57 of 1st period - Icing by Braydon Coburn.
19:58 of 1st period - Blair Jones wins face-off versus Steven Stamkos in Predators zone.

Period #2

0:01 of 2nd period - Brandon Prust wins face-off versus Matt Duchene in neutral zone.
0:10 of 2nd period - Shot by Marian Gaborik.
0:10 of 2nd period - Shot Misses the Net.
0:12 of 2nd period - Shot by Shea Weber.
0:12 of 2nd period - Shot Blocked by Bryan Allen.
0:18 of 2nd period - Shot by Patric Hornqvist.
0:18 of 2nd period - Shot Misses the Net.
0:20 of 2nd period - Shot by Patric Hornqvist.
0:20 of 2nd period - Shot Blocked by Joe Corvo.
0:22 of 2nd period - Shot by Shea Weber.
0:22 of 2nd period - Shot Misses the Net.
0:24 of 2nd period - Shot by Shea Weber.
0:24 of 2nd period - Goal by Shea Weber - Kings : 3 - Predators : 2.
0:25 of 2nd period - Michael Frolik wins face-off versus Steven Stamkos in neutral zone.
0:27 of 2nd period - Jamie McBain is hit by Braydon Coburn and loses puck.
0:34 of 2nd period - Shot by Max Pacioretty.
0:34 of 2nd period - Stopped by Ondrej Pavelec without a rebound.
0:35 of 2nd period - Darroll Powe wins face-off versus T.J. Galiardi in Kings zone.
0:56 of 2nd period - Shot by Jonathon Blum.
0:56 of 2nd period - Stopped by Pekka Rinne without a rebound.
0:57 of 2nd period - Brandon Prust wins face-off versus Matt Duchene in Predators zone.
1:02 of 2nd period - Shea Weber is hit by Matt Duchene and loses puck.
1:11 of 2nd period - Shea Weber is hit by Sergei Samsonov and loses puck.
1:31 of 2nd period - Shot by Matt Duchene.
1:31 of 2nd period - Shot Misses the Net.
1:46 of 2nd period - Minor Penalty to Brandon Prust for Tripping.
1:47 of 2nd period - Jason Arnott wins face-off versus Paul Gaustad in Predators zone.
2:08 of 2nd period - Shot by Sean Bergenheim.
2:08 of 2nd period - Shot Blocked by Brent Burns.
2:20 of 2nd period - Shot by Mike Lundin.
2:20 of 2nd period - Shot Misses the Net.
2:56 of 2nd period - Icing by Jason Arnott.
2:57 of 2nd period - T.J. Galiardi wins face-off versus Jason Arnott in Kings zone.
3:43 of 2nd period - Shot by Joe Corvo.
3:43 of 2nd period - Stopped by Pekka Rinne without a rebound.
3:44 of 2nd period - Paul Gaustad wins face-off versus Matt Duchene in Predators zone.
3:44 of 2nd period - Paul Gaustad is hit by Brian Rolston.
3:51 of 2nd period - Cody Franson is hit by Jonathon Blum and loses puck.
4:00 of 2nd period - Shot by Brandon Prust.
4:00 of 2nd period - Stopped by Ondrej Pavelec without a rebound.
4:01 of 2nd period - Blair Jones wins face-off versus Max Pacioretty in Kings zone.
4:14 of 2nd period - Shot by Jeff Carter.
4:14 of 2nd period - Stopped by Ondrej Pavelec without a rebound.
4:15 of 2nd period - Darroll Powe wins face-off versus Brandon Prust in Kings zone.
4:27 of 2nd period - Minor Penalty to Darroll Powe for Roughing.
4:28 of 2nd period - Steven Stamkos wins face-off versus Craig Adams in Kings zone.
4:43 of 2nd period - Brent Burns is hit by Bryan Allen and loses puck.
4:46 of 2nd period - Shot by Brent Burns.
4:46 of 2nd period - Shot Misses the Net.
4:59 of 2nd period - Minor Penalty to Bryan Allen for Slashing.
5:00 of 2nd period - Jason Arnott wins face-off versus Patric Hornqvist in Kings zone.
5:45 of 2nd period - Icing by Shea Weber.
5:46 of 2nd period - Matt Duchene wins face-off versus Brandon Prust in Predators zone.
7:14 of 2nd period - Shot by Simon Gagne.
7:14 of 2nd period - Stopped by Ondrej Pavelec without a rebound.
7:15 of 2nd period - Blair Jones wins face-off versus Paul Gaustad in Kings zone.
8:13 of 2nd period - Icing by Jonathon Blum.
8:14 of 2nd period - Darroll Powe wins face-off versus T.J. Galiardi in Kings zone.
8:25 of 2nd period - Off-side.
8:26 of 2nd period - Steven Stamkos wins face-off versus Jason Arnott in neutral zone.
8:48 of 2nd period - Jason Arnott is hit by Shea Weber and loses puck.
8:50 of 2nd period - Minor Penalty to Shea Weber for Delaying the game.
8:51 of 2nd period - Paul Gaustad wins face-off versus Matt Duchene in Predators zone.
8:51 of 2nd period - Paul Gaustad is hit by Matt Duchene.
9:09 of 2nd period - Shot by Bryan Allen.
9:09 of 2nd period - Shot Misses the Net.
9:11 of 2nd period - Shot by Joe Corvo.
9:11 of 2nd period - Shot Misses the Net.
9:13 of 2nd period - Shot by Joe Corvo.
9:13 of 2nd period - Stopped by Pekka Rinne without a rebound.
9:14 of 2nd period - Jason Arnott wins face-off versus Paul Gaustad in Predators zone.
9:15 of 2nd period - Shot by Jamie McBain.
9:15 of 2nd period - Shot Hit the Post.
9:24 of 2nd period - Michael Frolik is hit by Braydon Coburn and loses puck.
9:29 of 2nd period - Shot by Sean Bergenheim.
9:29 of 2nd period - Stopped by Pekka Rinne without a rebound.
9:30 of 2nd period - Matt Duchene wins face-off versus T.J. Galiardi in Predators zone.
9:31 of 2nd period - Shot by Brian Rolston.
9:31 of 2nd period - Shot Misses the Net.
9:33 of 2nd period - Shot by Joe Corvo.
9:33 of 2nd period - Shot Blocked by Tomas Kaberle.
9:35 of 2nd period - Shot by Joe Corvo.
9:35 of 2nd period - Shot Misses the Net.
9:39 of 2nd period - Shot by Joe Corvo.
9:39 of 2nd period - Shot Misses the Net.
9:41 of 2nd period - Shot by Joe Corvo.
9:41 of 2nd period - Stopped by Pekka Rinne with a rebound.
9:43 of 2nd period - Shot by Bryan Allen.
9:43 of 2nd period - Shot Blocked by Tomas Kaberle.
9:45 of 2nd period - Shot by Brian Rolston.
9:45 of 2nd period - Shot Misses the Net.
9:47 of 2nd period - Shot by Matt Duchene.
9:47 of 2nd period - Shot Misses the Net.
9:49 of 2nd period - Shot by Joe Corvo.
9:49 of 2nd period - Shot Misses the Net.
9:51 of 2nd period - Shot by Bryan Allen.
9:51 of 2nd period - Shot Blocked by T.J. Galiardi.
9:53 of 2nd period - Shot by Joe Corvo.
9:53 of 2nd period - Stopped by Pekka Rinne without a rebound.
9:54 of 2nd period - Paul Gaustad wins face-off versus Jason Arnott in Predators zone.
10:51 of 2nd period - Shea Weber is hit by Darroll Powe and loses puck.
11:04 of 2nd period - Shot by Jack Hillen.
11:04 of 2nd period - Stopped by Pekka Rinne without a rebound.
11:05 of 2nd period - Darroll Powe wins face-off versus Brandon Prust in Predators zone.
11:05 of 2nd period - Darroll Powe is hit by Shea Weber.
11:20 of 2nd period - Icing by Cody Franson.
11:21 of 2nd period - Blair Jones wins face-off versus Brandon Prust in Predators zone.
12:36 of 2nd period - Icing by Zbynek Michalek.
12:37 of 2nd period - T.J. Galiardi wins face-off versus Wojtek Wolski in Predators zone.
12:37 of 2nd period - T.J. Galiardi is hit by Darroll Powe.
12:46 of 2nd period - Off-side.
12:47 of 2nd period - Steven Stamkos wins face-off versus Darroll Powe in neutral zone.
12:47 of 2nd period - Steven Stamkos is hit by Darroll Powe.
12:53 of 2nd period - Shot by Steven Stamkos.
12:53 of 2nd period - Deflect By Jeff Carter.
12:53 of 2nd period - Shot Blocked by Jack Hillen.
12:57 of 2nd period - Shot by Max Pacioretty.
12:57 of 2nd period - Shot Misses the Net.
13:01 of 2nd period - Shot by Jeff Carter.
13:01 of 2nd period - Deflect By Max Pacioretty.
13:01 of 2nd period - Shot Misses the Net.
13:14 of 2nd period - Minor Penalty to Jonathon Blum for Tripping.
13:15 of 2nd period - Brandon Prust wins face-off versus Darroll Powe in Kings zone.
14:36 of 2nd period - Mike Lundin is hit by Jeff Carter and loses puck.
14:47 of 2nd period - Shot by Jeff Carter.
14:47 of 2nd period - Deflect By Max Pacioretty.
14:47 of 2nd period - Shot Misses the Net.
15:55 of 2nd period - Off-side.
15:56 of 2nd period - Steven Stamkos wins face-off versus Jason Arnott in neutral zone.
15:59 of 2nd period - Shot by Jeff Carter.
15:59 of 2nd period - Shot Blocked by Michael Frolik.
16:44 of 2nd period - Matt Duchene is hit by Braydon Coburn.
17:10 of 2nd period - Shot by Wayne Simmonds.
17:10 of 2nd period - Goal by Wayne Simmonds - Kings : 3 - Predators : 3.
17:11 of 2nd period - Brandon Prust wins face-off versus Darroll Powe in neutral zone.
17:23 of 2nd period - Shot by Patric Hornqvist.
17:23 of 2nd period - Stopped by Ondrej Pavelec without a rebound.
17:24 of 2nd period - Paul Gaustad wins face-off versus Jason Arnott in Kings zone.
17:28 of 2nd period - Shot by Tomas Kaberle.
17:28 of 2nd period - Shot Blocked by Mike Lundin.
17:30 of 2nd period - Shot by Paul Gaustad.
17:30 of 2nd period - Shot Misses the Net.
18:33 of 2nd period - Shot by Zbynek Michalek.
18:33 of 2nd period - Shot Misses the Net.
18:35 of 2nd period - Shot by Simon Gagne.
18:35 of 2nd period - Stopped by Ondrej Pavelec without a rebound.
18:36 of 2nd period - Steven Stamkos wins face-off versus Matt Duchene in Kings zone.
18:39 of 2nd period - Shot by Jeff Carter.
18:39 of 2nd period - Stopped by Ondrej Pavelec without a rebound.
18:40 of 2nd period - Steven Stamkos wins face-off versus Darroll Powe in Kings zone.
19:02 of 2nd period - Icing by Braydon Coburn.
19:03 of 2nd period - Matt Duchene wins face-off versus Steven Stamkos in Predators zone.
19:04 of 2nd period - Shot by Sergei Samsonov.
19:04 of 2nd period - Stopped by Pekka Rinne without a rebound.
19:05 of 2nd period - Matt Duchene wins face-off versus Patric Hornqvist in Predators zone.
19:19 of 2nd period - Icing by Joe Corvo.
19:20 of 2nd period - Matt Duchene wins face-off versus T.J. Galiardi in Kings zone.
19:52 of 2nd period - Shot by Sergei Samsonov.
19:52 of 2nd period - Shot Misses the Net.

Period #3

0:01 of 3rd period - Matt Duchene wins face-off versus Brandon Prust in neutral zone.
0:49 of 3rd period - Icing by Shea Weber.
0:50 of 3rd period - Brandon Prust wins face-off versus Jason Arnott in Predators zone.
0:50 of 3rd period - Patric Hornqvist is hit by Sean Bergenheim and loses puck.
0:58 of 3rd period - Minor Penalty to Sean Bergenheim for Roughing.
0:59 of 3rd period - Darroll Powe wins face-off versus Steven Stamkos in Kings zone.
1:14 of 3rd period - Shot by Brent Burns.
1:14 of 3rd period - Stopped by Ondrej Pavelec without a rebound.
1:15 of 3rd period - Steven Stamkos wins face-off versus Darroll Powe in Kings zone.
1:21 of 3rd period - Shot by Steven Stamkos.
1:21 of 3rd period - Shot Misses the Net.
1:23 of 3rd period - Shot by Brent Burns.
1:23 of 3rd period - Shot Misses the Net.
1:25 of 3rd period - Shot by Simon Gagne.
1:25 of 3rd period - Stopped by Ondrej Pavelec without a rebound.
1:26 of 3rd period - Steven Stamkos wins face-off versus Matt Duchene in Kings zone.
2:25 of 3rd period - Shot by Shea Weber.
2:25 of 3rd period - Goal by Shea Weber - Kings : 3 - Predators : 4.
2:26 of 3rd period - Simon Gagne wins face-off versus Darroll Powe in neutral zone.
2:31 of 3rd period - Shot by Zbynek Michalek.
2:31 of 3rd period - Stopped by Ondrej Pavelec without a rebound.
2:32 of 3rd period - T.J. Galiardi wins face-off versus Evgeny Dadonov in Kings zone.
2:35 of 3rd period - Shot by Simon Gagne.
2:35 of 3rd period - Stopped by Ondrej Pavelec without a rebound.
2:36 of 3rd period - Blair Jones wins face-off versus Paul Gaustad in Kings zone.
3:01 of 3rd period - Shot by Wayne Simmonds.
3:01 of 3rd period - Shot Hit the Post.
3:42 of 3rd period - Icing by Jeff Carter.
3:43 of 3rd period - Steven Stamkos wins face-off versus Darroll Powe in Predators zone.
3:54 of 3rd period - Shot by Jeff Carter.
3:54 of 3rd period - Shot Blocked by Jack Hillen.
4:37 of 3rd period - Darroll Powe is hit by T.J. Galiardi and loses puck.
5:06 of 3rd period - Off-side.
5:07 of 3rd period - Steven Stamkos wins face-off versus Jason Arnott in neutral zone.
5:07 of 3rd period - Steven Stamkos is hit by Sean Bergenheim.
5:11 of 3rd period - Sean Bergenheim is hit by Max Pacioretty and loses puck.
5:27 of 3rd period - Shot by Max Pacioretty.
5:27 of 3rd period - Stopped by Ondrej Pavelec with a rebound.
6:15 of 3rd period - Matt Duchene is hit by Brandon Prust.
6:18 of 3rd period - Joe Corvo is hit by Brandon Prust and loses puck.
6:23 of 3rd period - Brandon Prust is hit by Brian Rolston and loses puck.
6:30 of 3rd period - Shot by Sergei Samsonov.
6:30 of 3rd period - Goal by Sergei Samsonov - Kings : 4 - Predators : 4.
6:31 of 3rd period - T.J. Galiardi wins face-off versus Blair Jones in neutral zone.
6:34 of 3rd period - Shot by Tomas Kaberle.
6:34 of 3rd period - Stopped by Ondrej Pavelec with a rebound.
6:48 of 3rd period - Shot by Erik Condra.
6:48 of 3rd period - Stopped by Pekka Rinne without a rebound.
6:49 of 3rd period - Paul Gaustad wins face-off versus Matt Duchene in Predators zone.
6:49 of 3rd period - Paul Gaustad is hit by Sergei Samsonov.
7:19 of 3rd period - Minor Penalty to Paul Gaustad for Slashing.
7:20 of 3rd period - Steven Stamkos wins face-off versus Michael Frolik in Predators zone.
8:05 of 3rd period - Shot by Jack Hillen.
8:05 of 3rd period - Shot Misses the Net.
8:07 of 3rd period - Shot by Matt Duchene.
8:07 of 3rd period - Shot Misses the Net.
8:11 of 3rd period - Shot by Matt Duchene.
8:11 of 3rd period - Stopped by Pekka Rinne without a rebound.
8:12 of 3rd period - Steven Stamkos wins face-off versus Jason Arnott in Predators zone.
9:18 of 3rd period - Shea Weber is hit by Brian Rolston and loses puck.
9:40 of 3rd period - Icing by Jonathon Blum.
9:41 of 3rd period - Darroll Powe wins face-off versus Steven Stamkos in Kings zone.
10:05 of 3rd period - Icing by Max Pacioretty.
10:06 of 3rd period - Blair Jones wins face-off versus Steven Stamkos in Predators zone.
10:35 of 3rd period - Icing by Bryan Allen.
10:36 of 3rd period - Blair Jones wins face-off versus Brandon Prust in Kings zone.
10:59 of 3rd period - Shot by Marian Gaborik.
10:59 of 3rd period - Deflect By Patric Hornqvist.
10:59 of 3rd period - Shot Misses the Net.
12:58 of 3rd period - Shot by Steven Stamkos.
12:58 of 3rd period - Goal by Steven Stamkos - Kings : 4 - Predators : 5.
12:58 of 3rd period - Nikolai Khabibulin enters game.
12:59 of 3rd period - Steven Stamkos wins face-off versus Jason Arnott in neutral zone.
13:12 of 3rd period - Shot by Jamie McBain.
13:12 of 3rd period - Shot Blocked by Brent Burns.
15:47 of 3rd period - Icing by Brent Burns.
15:48 of 3rd period - Steven Stamkos wins face-off versus Matt Duchene in Predators zone.
16:19 of 3rd period - Shot by Marian Gaborik.
16:19 of 3rd period - Shot Misses the Net.
16:23 of 3rd period - Shot by Marian Gaborik.
16:23 of 3rd period - Stopped by Nikolai Khabibulin without a rebound.
16:24 of 3rd period - Jason Arnott wins face-off versus T.J. Galiardi in Kings zone.
16:47 of 3rd period - Shot by Jack Hillen.
16:47 of 3rd period - Stopped by Pekka Rinne without a rebound.
16:48 of 3rd period - Steven Stamkos wins face-off versus Matt Duchene in Predators zone.
17:39 of 3rd period - Shot by Jason Arnott.
17:39 of 3rd period - Stopped by Pekka Rinne without a rebound.
17:40 of 3rd period - T.J. Galiardi wins face-off versus Blair Jones in Predators zone.
18:44 of 3rd period - Off-side.
18:45 of 3rd period - Brandon Prust wins face-off versus Matt Duchene in neutral zone.
19:04 of 3rd period - Kings, Nikolai Khabibulin is pulled from the net.
19:04 of 3rd period - Shot by Matt Duchene.
19:04 of 3rd period - Shot Misses the Net.
19:42 of 3rd period - Shot by Evgeny Dadonov.
19:42 of 3rd period - Stopped by Pekka Rinne without a rebound.
19:43 of 3rd period - Matt Duchene wins face-off versus Patric Hornqvist in Predators zone.
19:54 of 3rd period - Shot by Evgeny Dadonov.
19:54 of 3rd period - Shot Misses the Net.


Output by the SimonT Hockey Simulator (STHS) for Stephane Roy -- Original Page W3C XHTML 1.0 Valid